 Dungeon Crawl Stone Soup version 0.29-a0-819-g94b489e0ae (webtiles) character file.

Game seed: 10938065003860431756

33077 OnionBro the Severer (level 13, 0/117 HPs)
             Began as a Hill Orc Fighter on July 4, 2022.
             Was a High Priest of Okawaru.
             Slain by an eight-headed hydra (1 damage)
             ... on level 5 of the Lair of Beasts on July 6, 2022.
             The game lasted 01:40:06 (10660 turns).

OnionBro the Severer (Hill Orc Fighter)            Turns: 10660, Time: 01:40:07

Health: 0/117      AC: 35    Str: 37    XL:     13   Next: 68%
Magic:  19/19      EV:  6    Int:  8    God:    Okawaru [*****.]
Gold:   556        SH:  5    Dex: 10    Spells: 12/12 levels left

rFire   . . .      SeeInvis .   R - +6 mace (venom)
rCold   . . .      Faith    .   c - +0 buckler
rNeg    . . .      Spirit   .   I - +1 crystal plate armour
rPois   .          Reflect  .   K - +0 helmet
rElec   +          Harm     .   k - +2 cloak "Ampaid" {*Slow rElec Str+7}
rCorr   .          Rampage  .   l - +0 pair of gloves
Will    .....                   V - +2 pair of boots
Stlth   ..........              t - amulet of regeneration
HPRegen 1.09/turn               e - +4 ring of protection
MPRegen 0.16/turn               X - +6 ring of strength

@: about to teleport
A: no striking features
a: Renounce Religion, Heroism, Finesse, Duel


You were on level 5 of the Lair of Beasts.
You worshipped Okawaru.
Okawaru was extremely pleased with you.
You visited 3 branches of the dungeon, and saw 15 of its levels.
You also visited: Volcano.

You collected 742 gold pieces.
You spent 186 gold pieces at shops.

Inventory:

Hand Weapons
 p - the +8 broad axe of Flawed Execution {drain, *Corrode rPois rC+++ Stlth+}
   (You acquired it on level 6 of the Dungeon)

   A truly terrible weapon, it drains the life of any living foe it strikes.
   rC:        It renders you almost immune to cold.
   rPois:     It protects you from poison.
   *Corrode:  It may corrode you when you take damage.
   Stlth:     It makes you more stealthy.
 R - a +6 mace of venom (weapon)
Missiles
 f - 39 poisoned darts (quivered)
 i - 55 stones
 q - 18 javelins
 B - a throwing net
 T - 11 silver javelins
Armour
 c - a +0 buckler (worn)
 h - a +2 cloak
 k - the +2 cloak "Ampaid" (worn) {*Slow rElec Str+7}
   (You found it on level 2 of the Dungeon)

   Str:       It affects your strength (+7).
   rElec:     It insulates you from electricity.
   *Slow:     It may slow you when you take damage.
 l - a +0 pair of gloves (worn)
 u - a +2 ring mail of fire resistance
 F - the +0 hat "Taqyo" {rN+}
   (Okawaru gifted it to you on level 3 of the Lair of Beasts)

   rN:        It protects you from negative energy.
 I - a +1 crystal plate armour (worn)
 K - a +0 helmet (worn)
 M - a scarf of shadows
 V - a +2 pair of boots (worn)
Jewellery
 e - a +4 ring of protection (left hand)
 r - a ring of resist corrosion
 t - an amulet of regeneration (around neck)
 L - a +6 ring of dexterity
 O - an amulet of reflection
 X - a +6 ring of strength (right hand)
Wands
 A - a wand of acid (4)
 W - a wand of iceblast (3)
Scrolls
 b - a scroll of acquirement
 g - 3 scrolls of teleportation
 j - 2 scrolls of noise
 m - 5 scrolls of fear
 y - 3 scrolls of fog
 C - 2 scrolls of enchant armour
 D - 4 scrolls of blinking
 E - a scroll of torment
 J - 2 scrolls of brand weapon
 P - 2 scrolls of poison
 Q - a scroll of identify
 U - a scroll of summoning
 Y - a scroll of enchant weapon
Potions
 a - a potion of haste
 d - 2 potions of flight
 n - 2 potions of degeneration
 o - 2 potions of attraction
 s - a potion of brilliance
 v - 3 potions of lignification
 w - 3 potions of heal wounds
 x - 2 potions of mutation
 z - 6 potions of curing
 G - 2 potions of cancellation
 H - 2 potions of berserk rage
 S - 3 potions of might
 Z - a potion of magic {unknown}
Miscellaneous
 N - a condenser vane


   Skills:
 + Level 11.7 Fighting
 + Level 15.0 Axes
 * Level 9.2 Throwing
 + Level 10.9 Armour
 - Level 8.5 Shields
 - Level 9.0 Invocations
 - Level 5.8 Evocations


You had 12 spell levels left.
You didn't know any spells.
Your spell library contained the following spells:

 Spells                   Type           Power      Damage    Failure   Level
 Apportation              Tloc           0%         N/A       100%        1
 Magic Dart               Conj           0%         1d3       100%        1
 Necrotise                Necr           0%         1d4       100%        1
 Mephitic Cloud           Conj/Pois/Air  0%         N/A       100%        3
 Ozocubu's Armour         Ice            0%         N/A       100%        3
 Petrify                  Tmut/Erth      0%         N/A       100%        4
 Alistair's Intoxication  Tmut/Pois      0%         N/A       100%        5
 Fireball                 Conj/Fire      0%         3d3       100%        5
 Metabolic Englaciation   Hex/Ice        0%         N/A       100%        5
 Starburst                Conj/Fire      0%         6d3       100%        6
 Statue Form              Tmut/Erth      0%         N/A       100%        6
 Ignition                 Fire           0%         3d3       100%        8
 Summon Small Mammal      Summ           Unusable   N/A       N/A         1
 Call Imp                 Summ           Unusable   N/A       N/A         2
 Simulacrum               Ice/Necr       Unusable   N/A       N/A         6

Dungeon Overview and Level Annotations

Branches:
Dungeon (9/15)             Temple (1/1) D:7            Lair (6/6) D:9
 Shoals (0/4) Lair:3        Snake (0/4) Lair:3      Volcano (visited)
  Slime: Lair:5-6       Orc: D:9-12

Altars:
Ashenzari
Cheibriados
Dithmenos
Elyvilon
Fedhas
Gozag
Hepliaklqana
Kikubaaqudgha
Makhleb
Nemelex Xobeh
Okawaru
Qazlal
Ru
Trog
Uskayaw
Wu Jian
Zin
The Shining One

Shops:
D:3 *   D:4 (?(*(   D:5 [

Annotations:
D:3 1 exclusion, Jessica, Sigmund
D:7 3 runed translucent doors, rastignan's ghost, novice DsAK
D:8 exclusion: downstairs, Psyche
Lair:6 1 exclusion


Message History

The five-headed hydra bites you but does no damage. x2
The five-headed hydra bites you!
The five-headed hydra bites you but does no damage.
You block the five-headed hydra's attack.
The yak gores you but does no damage. The wyvern bites you!
The five-headed hydra bites you but does no damage. x4
The five-headed hydra bites you! The yak gores you but does no damage.
The wyvern barely misses you. The yak closely misses you.
As you read the scroll of teleportation, it crumbles to dust.
You feel strangely unstable.
The wyvern bites you but does no damage.
The five-headed hydra bites you! x2
The five-headed hydra bites you but does no damage.
The five-headed hydra bites you.
The five-headed hydra barely misses you.
The yak gores you but does no damage. The yak gores you.
* * * LOW HITPOINT WARNING * * *
The yak barely misses you. The yak gores you but does no damage.
The eight-headed hydra bites you.
* * * LOW HITPOINT WARNING * * *
The eight-headed hydra bites you but does no damage.
You block the eight-headed hydra's attack.
The eight-headed hydra bites you but does no damage. x3
The eight-headed hydra bites you!
* * * LOW HITPOINT WARNING * * *
The eight-headed hydra barely misses you.
Unknown command.
The yak attacks as you move away! The yak gores you but does no damage.
The eight-headed hydra attacks as you move away!
The eight-headed hydra barely misses you.
The eight-headed hydra bites you!
* * * LOW HITPOINT WARNING * * *
The eight-headed hydra bites you but does no damage.
The eight-headed hydra bites you.
* * * LOW HITPOINT WARNING * * *
The eight-headed hydra bites you!
* * * LOW HITPOINT WARNING * * *
The eight-headed hydra bites you.
You die...

......#..).......#.#
......##.........P.#
##....#..P........P##
#...................#
.........##.........#
..####.....#.#......#
.#.. .#.#...#.......##
.........#......YD...#
.⌠...⌠...#..#..l@Y..##
...<...........YYD..#
.⌠...⌠ ..#..#....PY.#
.. #. ##..rP.## .
.#....Pr## ....P....#
#.#...P..# #.P.....##
..P.....##


You could see an eight-headed hydra, a five-headed hydra (very poisoned,
corroded), 5 yaks, a wyvern and 2 hell rats.

Vanquished Creatures
  A red draconian (Volcano)
  3 hydras
  A centaur warrior (Arena)
  A two-headed ogre (D:8)
  6 death yaks (Lair:5)
  Urug (Lair:5)
  An oklob plant (Lair:2)
  A merfolk siren (Lair:3)
  5 elephants
  3 black mambas (Lair:3)
  19 cane toads
  2 rime drakes
  7 komodo dragons
  A yaktaur (Volcano)
  9 blink frogs
  43 yaks
  A steam dragon (D:8)
  2 wyverns
  3 vampire mosquitoes (Lair:6)
  An acid dragon (D:9)
  11 water moccasins
  2 black bears
  2 orc warriors
  2 ice beasts
  2 sky beasts (D:8)
  An ogre (D:6)
  11 wolves
  7 centaurs
  3 phantoms (D:5)
  9 bullfrogs
  3 necrophages
  A scorpion (D:6)
  4 wights (D:8)
  An electric eel (Lair:1)
  A howler monkey (D:9)
  2 gnoll boudas
  3 jellies
  An orc priest (D:8)
  3 hounds
  5 orc wizards
  4 iguanas
  6 adders
  10 gnolls
  A shadow imp (D:6)
  3 white imps
  2 ufetubi
  2 worms
  3 dart slugs
  9 orcs
  7 endoplasms
  A giant cockroach (D:3)
  5 goblins
  9 hobgoblins
  2 jackals (D:3)
  5 kobolds
  4 quokkas
  7 ball pythons
  4 bats
  A frilled lizard (D:3)
  9 rats
279 creatures vanquished.

Vanquished Creatures (others)
  An orc wizard (D:8)
  47 fungi
  103 plants
151 creatures vanquished.

Grand Total: 430 creatures vanquished

Notes
Turn   | Place    | Note
-------+----------+-------------------------------------------
     0 | D:1      | OnionBro the Hill Orc Fighter began the quest for the Orb.
     0 | D:1      | Reached XP level 1. HP: 19/19 MP: 1/1
   291 | D:1      | Reached skill level 3 in Axes
   291 | D:1      | Reached XP level 2. HP: 27/27 MP: 2/2
   906 | D:1      | Reached XP level 3. HP: 29/33 MP: 3/3
  1216 | D:2      | Identified the +2 cloak "Ampaid" {*Slow rElec Str+7}
  1421 | D:2      | Reached skill level 4 in Axes
  1447 | D:2      | Found an ornate altar of the Wu Jian Council.
  1626 | D:2      | Reached XP level 4. HP: 40/40 MP: 4/4
  1784 | D:3      | Upgraded the game from 0.29-a0-810-g3812dd5c9c to
                  | 0.29-a0-816-g82769f0e0c
  2027 | D:3      | Found Alle's General Store.
  2031 | D:3      | Bought a scroll of teleportation for 42 gold pieces
  2076 | D:3      | Noticed Jessica
  2085 | D:3      | Noticed Sigmund
  2328 | D:4      | Found Fuytaos's Magic Scroll Emporium.
  2332 | D:4      | Found an iron altar of Okawaru.
  2332 | D:4      | Noticed a necrophage
  2353 | D:4      | Killed a necrophage
  2354 | D:4      | Reached skill level 5 in Axes
  2354 | D:4      | Reached XP level 5. HP: 46/47 MP: 5/5
  2403 | D:4      | Found Etefut's Weapon Shop.
  2508 | D:4      | Reached XP level 6. HP: 47/53 MP: 6/6
  2523 | D:4      | Bought a throwing net for 39 gold pieces
  2558 | D:4      | Found Fake's Weapon Emporium.
  2617 | D:4      | Became a worshipper of Warmaster Okawaru
  2706 | D:4      | Found Hipolul's Weapon Shoppe.
  2734 | D:4      | Found Neeschie's General Store.
  2743 | D:4      | Bought a scroll of blinking for 105 gold pieces
  2905 | D:4      | Upgraded the game from 0.29-a0-816-g82769f0e0c to
                  | 0.29-a0-819-g94b489e0ae
  2912 | D:5      | Entered Level 5 of the Dungeon
  2997 | D:5      | Reached skill level 6 in Axes
  3072 | D:5      | Noticed an ice beast
  3078 | D:5      | Killed an ice beast
  3079 | D:5      | Reached skill level 5 in Fighting
  3079 | D:5      | Reached skill level 1 in Throwing
  3079 | D:5      | Reached XP level 7. HP: 61/61 MP: 7/7
  3155 | D:5      | Reached * piety under Okawaru
  3243 | D:5      | Found a shadowy altar of Dithmenos.
  3250 | D:5      | Reached skill level 7 in Axes
  3250 | D:5      | Reached skill level 5 in Armour
  3308 | D:5      | Reached skill level 5 in Shields
  3352 | D:5      | Found Mevoipl Gunu's Antique Armour Shoppe.
  3407 | D:5      | Reached ** piety under Okawaru
  3589 | D:6      | Reached XP level 8. HP: 69/69 MP: 8/8
  3723 | D:6      | Identified a scroll of acquirement
  3724 | D:6      | Acquired the +8 broad axe of Flawed Execution {drain,
                  | *Corrode rPois rC+++ Stlth+}
  3905 | D:6      | Reached skill level 8 in Axes
  4125 | D:6      | Found an ornate altar of the Wu Jian Council.
  4721 | D:6      | Found a bloodstained altar of Trog.
  4911 | D:7      | Found a runed translucent gate.
  4913 | D:7      | Found a runed translucent gate.
  4980 | D:7      | Found a hide-covered altar of Uskayaw.
  5012 | D:7      | Found a hazy altar of Hepliaklqana.
  5098 | D:7      | Noticed rastignan's ghost (novice DsAK)
  5107 | D:7      | Found a staircase to the Ecumenical Temple.
  5244 | Temple   | Entered the Ecumenical Temple
  5280 | D:7      | Reached skill level 9 in Axes
  5292 | D:7      | Reached XP level 9. HP: 78/78 MP: 9/9
  5446 | D:7      | Found a runed translucent gate.
  5591 | D:7      | Found a glowing golden altar of the Shining One.
  5670 | D:8      | Reached *** piety under Okawaru
  5788 | D:8      | Reached skill level 10 in Axes
  5982 | D:8      | Noticed a two-headed ogre
  5998 | D:8      | Killed a two-headed ogre
  5999 | D:8      | Reached skill level 11 in Axes
  6002 | D:8      | Reached XP level 10. HP: 64/88 MP: 7/10
  6147 | D:8      | Noticed Psyche
  6676 | D:9      | Reached **** piety under Okawaru
  6676 | D:9      | Received a gift from Okawaru
  6684 | D:9      | Reached skill level 12 in Axes
  6840 | D:9      | Found a staircase to the Lair.
  6867 | Lair:1   | Entered Level 1 of the Lair of Beasts
  6920 | Lair:1   | Received a gift from Okawaru
  7073 | Lair:1   | Reached ***** piety under Okawaru
  7074 | Lair:1   | Reached XP level 11. HP: 97/97 MP: 11/11
  7077 | Lair:1   | Reached skill level 13 in Axes
  7203 | Lair:1   | Reached skill level 1 in Invocations
  7326 | Lair:1   | Reached skill level 5 in Invocations
  7349 | Lair:1   | Identified the +2 rapier of the Arena {vorpal, rF+ Will+
                  | Stlth+}
  8083 | Lair:2   | Received a gift from Okawaru
  8196 | Lair:2   | Reached skill level 1 in Evocations
  8269 | Lair:2   | Found a hazy altar of Hepliaklqana.
  8272 | Lair:2   | Noticed an oklob plant
  8296 | Lair:2   | Received a gift from Okawaru
  8342 | Lair:2   | Killed an oklob plant
  8399 | Lair:2   | Reached skill level 5 in Evocations
  8458 | Lair:2   | Reached XP level 12. HP: 83/104 MP: 18/18
  8475 | Lair:2   | Noticed a seven-headed hydra
  8483 | Lair:2   | Killed a seven-headed hydra
  8599 | Lair:2   | Reached skill level 5 in Throwing
  9045 | Lair:3   | Identified the +0 hat "Taqyo" {rN+} (Okawaru gifted it to
                  | you on level 3 of the Lair of Beasts)
  9045 | Lair:3   | Received a gift from Okawaru
  9232 | Lair:3   | Found a dark tunnel.
  9251 | Volcano  | Entered a volcano
  9316 | Volcano  | Noticed a red draconian
  9331 | Volcano  | Killed a red draconian
  9332 | Volcano  | Reached skill level 10 in Fighting
  9408 | Volcano  | Noticed a centaur warrior
  9433 | Arena    | Entered the Arena
  9439 | Arena    | Killed a centaur warrior
  9762 | Lair:3   | Found a staircase to the Shoals.
  9926 | Lair:3   | Found a staircase to the Snake Pit.
 10010 | Lair:3   | Noticed a seven-headed hydra
 10021 | Lair:3   | Killed a seven-headed hydra
 10071 | Lair:3   | You fall into a shaft and drop 3 floors!
 10071 | Lair:6   | Entered Level 6 of the Lair of Beasts
 10088 | Lair:6   | Reached skill level 14 in Axes
 10102 | Lair:6   | Reached skill level 10 in Armour
 10102 | Lair:6   | Reached XP level 13. HP: 114/114 MP: 13/19
 10222 | Lair:6   | Received a gift from Okawaru
 10474 | Lair:5   | Reached skill level 15 in Axes
 10548 | Lair:5   | Noticed Urug
 10559 | Lair:5   | Killed Urug
 10559 | Lair:5   | Received a gift from Okawaru
 10660 | Lair:5   | HP: 1/117 [eight-headed hydra (10)]
 10660 | Lair:5   | Slain by an eight-headed hydra

Illustrated notes

Levels and vault maps discovered:
D:1:      lightli_arrival_boilingwater, layout_loops_ring, serial_bayou_lagoon_b
D:2:      layout_rooms, basic_altar
D:3:      layout_loops_ring, yredelemnul_forgotten_temple_becter,
          shapermc_ecumenical_altar_rom_forum, serial_shops, nicolae_shop_trees,
          uniq_sigmund, uniq_natasha, uniq_jessica
D:4:      layout_rooms, okawaru_gym_becter, serial_shops,
          nicolae_take_the_stairs, shop_fountains, shop,
          nicolae_shop_bloodbath_and_beyond, shop
D:5:      layout_rooms, grunt_dithmenos_shadows, serial_shops, shop_fountains
D:6:      layout_layer_cave, mainiacjoe_overflow_24_doors,
          lightli_temple_of_fire
D:7:      layout_rooms, mainiacjoe_overflow_two_lobes, tso_altar,
          minmay_temple_entry_glassed_door, gammafunk_ghost_split
D:8:      nicolae_cairo_tiling_large_dashed, layout_rooms,
          mainiacjoe_overflow_alcove_1, roderic_lattice_a,
          hellmonk_bongcloud_opening, kennysheep_flooded_box,
          amcnicky_mini_rare_corridor_liquid, st_stairs_5, uniq_psyche
D:9:      layout_loops_ring, grunt_lair_entry_orc_guard_hut
Temple:   minmay_freezing_vapour_temple
Lair:1:   layout_gridlike
Lair:2:   layout_long_grid, lemuel_oklob_altar
Lair:3:   nzn_winding_woodlands_stair_trap [nzn_winding_woodlands_5x15_twine,
          nzn_winding_woodlands_5x15_river_crossing,
          nzn_winding_woodlands_5x15_garden,
          nzn_winding_woodlands_15x15_boxy_spiral,
          nzn_winding_woodlands_5x15_crooked,
          nzn_winding_woodlands_5x15_sidewinder,
          nzn_winding_woodlands_5x15_parted], layout_chaotic_city,
          elwin_shoals_entry_rooms, lightli_volcano_entry_magma_tube
Lair:5:   layout_long_grid, special_room [special_room_mythical_zoo],
          nicolae_quartered_pool_little, grunt_megastairs_2, uniq_urug
Lair:6:   minmay_lair_end_frog_pond, layout_small_grid, slime_entry_1,
          basic_altar, lemuel_fruit_tree

Skill      XL: |  1  2  3  4  5  6  7  8  9 10 11 12 13 |
---------------+----------------------------------------+-----
Axes           | 3 4 5 6 7 9 11 12 13 14 15 | 15.0
Fighting       | 4 5 6 7 9 10 11 | 11.7
Armour         | 4 5 6 7 8 10 | 10.9
Shields        | 4 5 6 7 8 |  8.5
Throwing       | 1 2 3 4 7 9 |  9.2
Invocations    | 9 |  9.0
Evocations     | 5 |  5.8

Action                   |  1- 3 |  4- 6 |  7- 9 | 10-12 | 13-15 || total
-------------------------+-------+-------+-------+-------+-------++-------
Melee: War axe           |   107 |   149 |    64 |       |       ||   320
       Broad axe         |       |       |   104 |   306 |   121 ||   531
       Mace              |       |       |       |     8 |     7 ||    15
Throw: Dart              |     4 |     3 |     9 |       |     3 ||    19
       Stone             |     1 |     2 |    28 |       |       ||    31
       Javelin           |       |     5 |       |    11 |     3 ||    19
Invok: Heroism           |       |       |     1 |     4 |     1 ||     6
       Finesse           |       |       |       |     6 |     2 ||     8
       Duel              |       |       |       |     1 |       ||     1
Evoke: Wand              |       |     1 |       |       |     1 ||     2
  Use: Scroll            |       |     6 |     5 |    12 |     1 ||    24
       Potion            |       |     1 |       |     2 |       ||     3
Armor: Scale mail        |    37 |     5 |       |       |       ||    42
       Ring mail         |       |    65 |    43 |    27 |       ||   135
       Crystal plate arm |       |       |    53 |   135 |   158 ||   346
Dodge: Dodged            |    56 |    64 |    49 |    59 |    42 ||   270
Block: Buckler           |    11 |    39 |    32 |    65 |    34 ||   181

Table legend: (Time is in decaauts)
 A = Elapsed time spent in this place.
 B = Non-inter-level travel time spent in this place.
 C = Inter-level travel time spent in this place.
 D = Time resting spent in this place.
 E = Time spent auto-exploring this place.
 F = Levels seen in this place.
 G = Mean time per level.
                   A        B        C        D        E       F      G
               +--------+--------+--------+--------+--------+-----+--------+
         Total |  10748 |  10069 |    679 |   1373 |   5581 |  17 |  632.2 |
       Dungeon |   7045 |   6660 |    385 |   1036 |   3666 |   9 |  782.8 |
        Temple |      7 |      7 |      0 |      0 |      0 |   1 |    7.0 |
          Lair |   3283 |   2989 |    294 |    270 |   1693 |   5 |  656.6 |
       Volcano |    388 |    388 |      0 |     48 |    222 |   1 |  388.0 |
         Arena |     23 |     23 |      0 |     19 |      0 |   1 |   23.0 |
               +--------+--------+--------+--------+--------+-----+--------+

Top non-repeatable levels by time:
     D:6: 1335 daAuts
     D:1: 1159 daAuts
  Lair:2: 1047 daAuts
  Lair:1: 1046 daAuts
     D:4: 763 daAuts
     D:9: 747 daAuts
     D:7: 743 daAuts
     D:5: 681 daAuts
     D:2: 640 daAuts
  Lair:3: 637 daAuts
     D:8: 523 daAuts
     D:3: 451 daAuts
 Volcano: 388 daAuts
  Lair:5: 347 daAuts
  Lair:6: 203 daAuts
